AoeStats
← Abraham Lincoln

Lombardia

508789520Analyzed
4v4 RM · 8d ago on Sep 24, 2026· 114m 6s· 8 players
Game mode
Random Map
Map size
Large (8 player)
Population
200
Speed
Normal
Resources
Standard
Victory
Conquest
Starting age
Dark Age
Ending age
Imperial Age
RankedLock teamsTeams togetherTeam positionsShared explorationLock speedFull tech treeHidden civsTurbo modeCheats
Victory
Defeat
🇨🇦 Georgians · Canada
937
+14
🇨🇦 Franks · Canada
932
+15
🇫🇷 Khmer · France
925
+15
🇱🇰 Magyars · Sri Lanka
921
+33
🇺🇸 Italians · United States
960
-18
🇺🇸 Bengalis · United States
912
-15
🇺🇸 Byzantines · United States
883
-14
🇺🇸 Saxons · United States
841
-12
Abraham Lincoln
7:56 Loom
11:45 Feudal Age
16:31 Castle Age
20:19 Double-Bit Axe
24:12 Bow Saw
26:27 Fervor
26:38 Sanctity
27:36 Wheelbarrow
26:47 Town Watch
27:43 Pikeman
30:24 Horse Collar
31:20 Heavy Plow
32:21 Squires
33:50 Hand Cart
34:17 Gold Mining
36:02 Redemption
38:25 Imperial Age
38:42 Onager
38:47 Siege Elephant
41:09 Theocracy
40:52 Block Printing
41:03 Illumination
41:06 Paiks
42:02 Crop Rotation
42:20 Fletching
42:32 Padded Archer Armor
42:33 Scale Mail Armor
42:43 Forging
43:44 Two-Man Saw
42:57 Elite Elephant Archer
43:57 Arson
45:19 Caravan
49:11 Halberdier
52:37 Iron Casting
52:17 Chain Mail Armor
51:57 Bodkin Arrow
53:05 Chemistry
52:17 Masonry
52:14 Siege Engineers
52:06 Murder Holes
52:32 Ballistics
52:25 Scale Barding Armor
52:37 Leather Archer Armor
51:49 Elite Skirmisher
53:36 Gold Shaft Mining
52:52 Stone Mining
56:51 Bracer
57:53 Blast Furnace
57:24 Ring Archer Armor
57:14 Chain Barding Armor
57:13 Elite Battle Elephant
57:54 Husbandry
58:04 Bloodlines
69:32 Plate Barding Armor
69:31 Coinage
69:11 Guilds
72:46 Light Cavalry
87:28 Town Patrol
98:06 Conscription
Harry Truman
7:02 Loom
13:14 Feudal Age
13:49 Horse Collar
15:21 Double-Bit Axe
16:02 Gold Mining
16:35 Stone Mining
18:09 Wheelbarrow
25:54 Castle Age
24:13 Fletching
24:23 Padded Archer Armor
26:19 Pikeman
27:00 Squires
27:01 Elite Skirmisher
27:55 Bodkin Arrow
28:23 Thumb Ring
32:14 Fortified Wall
31:46 Treadmill Crane
34:46 Hand Cart
38:29 Imperial Age
38:35 Imperial Age
40:15 Stone Shaft Mining
39:58 Bow Saw
42:01 Caravan
45:53 Two-Man Saw
44:56 Heavy Plow
45:10 Arson
46:29 Logistica
46:54 Halberdier
47:47 Forging
47:38 Scale Mail Armor
47:42 Bracer
47:57 Leather Archer Armor
48:34 Leather Archer Armor
49:23 Gold Shaft Mining
49:51 Chemistry
51:10 Onager
81:07 Murder Holes
93:20 Iron Casting
93:01 Chain Mail Armor
95:44 Plate Mail Armor
101:24 Conscription
102:29 Hoardings
WoodroWilson
5:14 Loom
10:54 Feudal Age
11:43 Double-Bit Axe
16:26 Castle Age
14:28 Horse Collar
17:19 Pikeman
22:46 Bow Saw
22:39 Heavy Plow
23:55 Elite Skirmisher
24:53 Padded Archer Armor
31:50 Gold Mining
32:36 Fletching
33:01 Leather Archer Armor
36:24 Imperial Age
33:45 Town Watch
35:30 Ballistics
35:39 Bodkin Arrow
36:51 Wheelbarrow
36:17 Town Patrol
37:39 Silk Road
37:37 Caravan
39:01 Chemistry
38:17 Fortified Wall
38:18 Masonry
39:38 Stone Mining
40:54 Two-Man Saw
40:14 Hand Cart
40:02 Bracer
40:33 Ring Archer Armor
39:47 Treadmill Crane
41:32 Stone Shaft Mining
41:05 Crossbowman
41:50 Thumb Ring
41:49 Squires
42:17 Bombard Tower
42:59 Conscription
43:58 Crop Rotation
43:04 Elite Genoese Crossbowman
44:07 Arbalester
47:28 Architecture
46:44 Arrowslits
52:02 Onager
53:26 Onager
58:22 Scale Mail Armor
58:34 Forging
Theodore Roosevelt
8:32 Loom
11:13 Feudal Age
11:48 Double-Bit Axe
15:13 Horse Collar
20:14 Castle Age
20:50 Crossbowman
21:36 Thumb Ring
21:28 Fletching
27:07 Wheelbarrow
27:25 Bow Saw
28:53 Padded Archer Armor
28:48 Bodkin Arrow
34:38 Imperial Age
33:58 Hand Cart
33:42 Elite Skirmisher
34:45 Arbalester
36:15 Shield Wall
40:14 Two-Man Saw
39:19 Heavy Plow
39:48 Scale Mail Armor
39:59 Forging
42:28 Squires
42:14 Gambesons
42:15 Arson
45:04 Bracer
45:20 Leather Archer Armor
45:51 Pikeman
46:49 Chain Mail Armor
47:10 Iron Casting
47:00 Halberdier
48:18 Conscription
50:19 Plate Mail Armor
50:20 Ring Archer Armor
51:13 Chemistry
50:20 Siege Engineers
50:39 Ballistics
50:05 Treadmill Crane
54:34 Elite Varangian Guard
francis le tueur
13:30 Feudal Age
14:23 Double-Bit Axe
14:24 Horse Collar
15:39 Gold Mining
15:41 Stone Mining
16:30 Wheelbarrow
16:51 Forging
16:31 Fletching
23:35 Castle Age
28:35 Imperial Age
28:52 Gold Shaft Mining
29:51 Conscription
30:45 Heavy Plow
31:04 Bow Saw
32:53 Stone Shaft Mining
33:01 Crop Rotation
34:30 Hand Cart
34:04 Loom
34:17 Town Watch
36:40 Elite Ballista Elephant
37:45 Double Crossbow
39:24 Ballistics
38:56 Heated Shot
39:12 Siege Engineers
40:09 Chemistry
39:52 Iron Casting
39:22 Scale Barding Armor
40:34 Town Patrol
43:53 Caravan
50:17 Blast Furnace
51:17 Chain Barding Armor
52:42 Plate Barding Armor
52:04 Bodkin Arrow
63:04 Hoardings
76:27 Bracer
76:50 Masonry
76:56 Murder Holes
82:26 Husbandry
82:42 Bloodlines
82:03 Elite Battle Elephant
82:59 Tusk Swords
112:33 Spies/Treason
King Conqueror
1:23 Loom
14:06 Feudal Age
15:54 Wheelbarrow
15:09 Double-Bit Axe
15:21 Horse Collar
23:59 Castle Age
22:15 Stone Mining
22:33 Gold Mining
23:08 Fletching
25:22 Heavy Plow
25:37 Bow Saw
26:26 Bodkin Arrow
27:29 Forging
28:40 Fervor
29:39 Scale Barding Armor
29:49 Bloodlines
30:03 Husbandry
32:36 Iron Casting
33:03 Stone Shaft Mining
33:15 Svan Towers
35:26 Guard Tower
39:09 Imperial Age
37:05 Ballistics
37:10 Chain Barding Armor
39:26 Hand Cart
38:59 Town Watch
40:38 Keep
41:08 Blast Furnace
40:19 Elite Monaspa
43:12 Plate Barding Armor
42:26 Arrowslits
42:46 Treadmill Crane
44:30 Conscription
44:15 Murder Holes
44:37 Bracer
45:46 Siege Engineers
46:01 Aznauri Cavalry
51:08 Chemistry
51:26 Masonry
53:31 Architecture
55:41 Fortified Wall
55:40 Scale Mail Armor
55:41 Padded Archer Armor
59:20 Hoardings
81:58 Caravan
82:47 Guilds
87:54 Leather Archer Armor
99:38 Chain Mail Armor
99:40 Redemption
99:52 Sanctity
99:33 Devotion
99:50 Block Printing
110:49 Spies/Treason
Graw
10:49 Feudal Age
15:33 Castle Age
19:57 Double-Bit Axe
19:58 Horse Collar
24:55 Scale Barding Armor
26:22 Bow Saw
29:30 Fletching
29:48 Heavy Plow
30:30 Wheelbarrow
29:42 Loom
30:15 Gold Mining
30:15 Stone Mining
31:03 Bodkin Arrow
31:34 Husbandry
31:45 Bloodlines
31:40 Padded Archer Armor
32:19 Gold Shaft Mining
33:45 Murder Holes
34:47 Ballistics
34:38 Masonry
34:42 Treadmill Crane
37:55 Thumb Ring
40:28 Imperial Age
38:16 Hand Cart
39:28 Corvinian Army
42:10 Chemistry
41:16 Siege Engineers
41:16 Bracer
41:32 Leather Archer Armor
41:38 Chain Barding Armor
43:14 Caravan
44:05 Conscription
44:54 Ring Archer Armor
45:00 Plate Barding Armor
43:52 Light Cavalry
44:59 Parthian Tactics
43:56 Heavy Cavalry Archer
44:00 Elite Magyar Huszar
44:42 Recurve Bow
47:11 Capped Ram
49:41 Two-Man Saw
49:17 Crop Rotation
49:54 Hoardings
50:53 Hussar
51:25 Town Watch
54:39 Onager
58:02 Coinage
65:38 Scale Mail Armor
65:54 Pikeman
66:22 Arson
67:07 Chain Mail Armor
67:23 Devotion
67:24 Halberdier
67:26 Man-at-Arms
68:18 Long Swordsman
69:06 Two-Handed Swordsman
69:43 Champion
72:21 Town Patrol
75:50 Elite Skirmisher
79:35 Crossbowman
80:35 Arbalester
83:59 Banking
96:42 Town Patrol
99:57 Sappers
100:47 Fervor
100:53 Block Printing
101:04 Illumination
100:34 Herbal Medicine
101:15 Theocracy
101:00 Heresy
101:01 Sanctity
100:34 Heated Shot
100:35 Guard Tower
101:06 Shipwright
100:56 Clinker Construction
100:57 Careening
107:56 Dry Dock
113:03 Spies/Treason
youtube.com/@Murkwilect
8:46 Loom
11:34 Feudal Age
15:50 Castle Age
13:57 Double-Bit Axe
16:46 Wheelbarrow
18:16 Fletching
18:26 Padded Archer Armor
19:03 Bodkin Arrow
19:07 Gold Mining
21:22 Leather Archer Armor
22:20 Bow Saw
24:02 Ballistics
31:42 Scale Barding Armor
35:43 Ordonnance Companies
37:41 Hand Cart
41:00 Imperial Age
39:11 Husbandry
39:24 Forging
39:35 Chain Barding Armor
39:30 Forging
39:20 Scale Mail Armor
40:06 Squires
39:52 Gambesons
39:53 Arson
43:59 Imperial Age
42:03 Caravan
42:59 Iron Casting
42:40 Chain Mail Armor
44:04 Heavy Mounted Crossbowman
44:04 Cranequins
45:49 Chemistry
45:27 Conscription
46:12 Blast Furnace
45:42 Plate Mail Armor
45:36 Chain Barding Armor
46:44 Gold Shaft Mining
45:59 Stone Mining
47:17 Hoardings
46:45 Chivalry
46:07 Elite Throwing Axeman
46:53 Chivalry
59:07 Plate Barding Armor
57:56 Pikeman
66:29 Murder Holes
66:39 Siege Engineers
66:45 Masonry
66:16 Treadmill Crane
66:47 Fortified Wall
66:28 Guard Tower
66:26 Arrowslits
68:28 Cavalier
71:37 Paladin
81:11 Light Cavalry
82:24 Elite Skirmisher
91:31 Architecture
102:50 Siphons
102:56 Careening
102:56 Clinker Construction
Connection lost

Rejoining the realm…

Still unreachable

The connection could not be restored.

Session expired

The server has moved on; the page needs a fresh start.